 Dungeon Crawl Stone Soup version 0.24-a0-581-gc0fa6600bf (webtiles) character file.

Game seed: 7586976695245661671

457 Peloso the Slasher (level 6, -2/55 HPs)
             Began as a Minotaur Fighter on Aug 25, 2019.
             Killed by divine providence
             ... invoked by an orc priest
              (15 damage)
             ... on level 4 of the Dungeon.
             The game lasted 00:03:45 (2313 turns).

Peloso the Slasher (Minotaur Fighter)               Turns: 2313, Time: 00:03:50

Health: -2/55      AC:  8    Str: 21    XL:     6   Next: 77%
Magic:  14/14      EV:  8    Int:  5    God:
Gold:   149        SH: 10    Dex: 11    Spells: 5/5 levels left

rFire    . . .     SeeInvis .   a - +0 long sword
rCold    . . .     Gourm    .   c - +0 shield
rNeg     . . .     Faith    .   b - +0 scale mail
rPois    +         Spirit   .   (helmet restricted)
rElec    .         Reflect  .   (no cloak)
rCorr    .         Harm     .   u - +0 pair of gloves
MR       .....                  (no boots)
Stlth    ..........             (no amulet)
HPRegen  0.18/turn              o - ring of poison resistance
MPRegen  0.14/turn              v - ring of magical power

@: no status effects
A: retaliatory headbutt, horns 2
a: no special abilities


You were on level 4 of the Dungeon.
You were hungry.

You visited 1 branch of the dungeon, and saw 4 of its levels.

You collected 149 gold pieces.

Inventory:

Hand Weapons
 a - a +0 long sword (weapon)
 r - a +1 war axe of flaming
Armour
 b - a +0 scale mail (worn)
 c - a +0 shield (worn)
 u - a +0 pair of gloves (worn)
Jewellery
 o - a ring of poison resistance (left hand)
 v - a ring of magical power (right hand)
 y - a +3 ring of dexterity {unknown}
Wands
 w - a wand of iceblast (6)
 x - a wand of acid (5)
Scrolls
 e - 2 scrolls of fear {unknown}
 h - 4 scrolls of identify {unknown}
 j - 4 scrolls of remove curse {unknown}
 m - a scroll of enchant weapon {unknown}
 q - 2 scrolls of random uselessness {unknown}
 s - 3 scrolls of teleportation {unknown}
Potions
 d - a potion of might
 g - 4 potions of lignification {unknown}
 i - a potion of magic {unknown}
 k - a potion of brilliance {unknown}
 l - a potion of ambrosia {unknown}
 n - 2 potions of flight {unknown}
 p - a potion of degeneration {unknown}
 t - 2 potions of heal wounds {unknown}
 z - a potion of invisibility
 B - 2 potions of curing {unknown}
Comestibles
 f - 11 rations
 A - 2 chunks of flesh


   Skills:
 + Level 4.9 Fighting
 + Level 5.7 Long Blades
 + Level 5.0 Armour
 + Level 1.7 Dodging
 + Level 5.3 Shields


You had 5 spell levels left.
You didn't know any spells.
Your spell library was empty.

Dungeon Overview and Level Annotations

Branches:
Dungeon (4/15)
 Temple: D:4-7

Altars:
Kikubaaqudgha
Qazlal
Ru
Uskayaw


Innate Abilities, Weirdness & Mutations

You reflexively headbutt those who attack you in melee.
You have a pair of horns on your head.


Message History

The orc priest shouts!
The orc shouts!
The orc wizard gestures at you while chanting.
The magic dart hits you.
The orc priest mumbles some strange prayers to Beogh against you.
Beogh smites you!
* * * LOW HITPOINT WARNING * * *
The orc moves out of view.
You hear a shout!
You see here a +0 hand axe.
You slash the orc wizard!
The orc wizard is heavily wounded.
You block the orc wizard's attack. x2
You hit the orc wizard.
The orc wizard is heavily wounded.
The orc wizard gestures wildly while chanting.
The orc wizard blinks!
An orc wizard comes into view. It is wielding a +0 dagger.
The orc priest mumbles some strange prayers to Beogh against you.
Beogh smites you!
You die...

)............
))............#. #... ..
##..............##.. .. ..
###......##.....##.. .# ..
. #.......#..##....##.#.#
..
###........#..##......#.o.
#....###....##.....o...o
###..>##.......o##......
#.......#.@.)o#...#
##......#ยง)#..o..#
##..#..<####...## ######.#
#...# ### #....# #...##
#####


You could see an orc priest, 2 orc wizards and an orc.

Vanquished Creatures
  Sigmund (D:2)
  2 orc priests (D:4)
  2 orc wizards
  Terence (D:2)
  6 gnolls (D:4)
  An adder (D:2)
  2 oozes
  An adder skeleton (D:4)
  3 worms
  A dart slug (D:2)
  3 leopard geckos
  3 orcs
  A bat zombie (D:3)
  3 giant cockroaches
  3 goblins
  5 hobgoblins
  6 jackals
  A quokka (D:2)
  A bat (D:1)
  3 frilled lizards
  7 kobolds
  2 rats
  A rat zombie (D:3)
59 creatures vanquished.

Notes
Turn   | Place    | Note
-------+----------+-------------------------------------------
     0 | D:1      | Peloso the Minotaur Fighter began the quest for the Orb.
     0 | D:1      | Reached XP level 1. HP: 19/19 MP: 0/0
   411 | D:1      | Reached XP level 2. HP: 27/27 MP: 1/1
   914 | D:2      | Found a hide-covered altar of Uskayaw.
   928 | D:2      | Reached XP level 3. HP: 28/33 MP: 2/2
   956 | D:2      | Noticed Terence
   966 | D:2      | Killed Terence
  1072 | D:2      | Found a sacrificial altar of Ru.
  1153 | D:2      | Noticed Sigmund
  1178 | D:2      | Killed Sigmund
  1178 | D:2      | Reached skill level 5 in Shields
  1178 | D:2      | Reached XP level 4. HP: 12/41 MP: 3/3
  1178 | D:2      | Reached XP level 5. HP: 14/47 MP: 4/4
  1408 | D:2      | Found a stormy altar of Qazlal.
  1793 | D:3      | Reached skill level 5 in Long Blades
  1909 | D:3      | Found an ancient bone altar of Kikubaaqudgha.
  1955 | D:3      | Reached XP level 6. HP: 53/53 MP: 5/5
  2002 | D:3      | Reached skill level 1 in Dodging
  2304 | D:4      | Reached skill level 5 in Armour
  2313 | D:4      | Killed from afar by an orc priest

Levels and vault maps discovered:
D:1:      minmay_arrival_jagged, layout_loops_corners
D:2:      layout_loops_ring, nicolae_ru_awakened_eye,
          eat_drink_and_be_merry_uskayaw, grunt_qazlal_clouds, first_ration,
          uniq_sigmund, uniq_terence
D:3:      layout_basic, lemuel_zombie_altar_kikubaaqudgha
D:4:      layout_cave_pools, makhleb_heckhound_becter, zin_treasury, uniq_edmund

Skill      XL: |  1  2  3  4  5  6 |
---------------+-------------------+-----
Shields        | 4 5 |  5.3
Fighting       | 4 |  4.9
Long Blades    | 4 5 |  5.7
Armour         | 4 5 |  5.0
Dodging        | 1 |  1.7

Action                   |  1- 3 |  4- 6 || total
-------------------------+-------+-------++-------
Melee: Long sword        |    64 |    75 ||   139
       Headbutt          |     8 |    13 ||    21
  Eat: Chunk             |     1 |     3 ||     4
Armor: Scale mail        |    23 |    32 ||    55
Dodge: Dodged            |    15 |    28 ||    43
Block: Shield            |    33 |    39 ||    72
       Rpst.: Long sword |     3 |     9 ||    12

Table legend:
 A = Non-vault XP
 B = Vault XP
 C = Vault XP percentage of total XP
 D = Non-vault monster count
 E = Vault monster count
 F = Vault count percentage of total count
                 A         B        C        D         E       F
            +---------+---------+-------+---------+---------+-------
      Total |     373 |     281 |  43.0 |      55 |       4 |   6.8
            +---------+---------+-------+---------+---------+-------
        D:1 |      16 |       0 |   0.0 |       7 |       0 |   0.0
        D:2 |      66 |     278 |  80.8 |      22 |       2 |   8.3
        D:3 |      67 |       3 |   4.3 |      13 |       2 |  13.3
        D:4 |     224 |       0 |   0.0 |      13 |       0 |   0.0
            +---------+---------+-------+---------+---------+-------
